 Dungeon Crawl Stone Soup version 0.31.0-9-g3a7656b989 (webtiles) character file.

Game seed: 5252930341291565329

4781 Kallu the Toxicologist (level 10, -6/60 HPs)
             Began as a Vampire Alchemist on Jan 29, 2024.
             Was a Believer of Dithmenos.
             Mangled by a boulder beetle (19 damage)
             ... on level 9 of the Dungeon.
             The game lasted 00:23:37 (10080 turns).

Kallu the Toxicologist (Vampire Alchemist)         Turns: 10080, Time: 00:23:37

Health: -6/60      AC:  6    Str:  6 (7)  XL:     10   Next: 23%
Magic:  22/22      EV: 14    Int: 20 (22) God:    Dithmenos [**....]
Gold:   265        SH:  0    Dex: 13 (15) Spells: 15/25 levels left

rFire   + . .        a - +5 short sword (freeze)
rCold   + + .        (no shield)
rNeg    + + +        H - +0 steam dragon scales
rPois   ∞            (no helmet)
rElec   .            (no cloak)
rCorr   .            (no gloves)
SInv    +            G - +0 pair of boots {rampage}
Will    +....        (no amulet)
Stlth   ++++++       z - ring of protection from fire
HPRegen 0.00/turn    t - ring of positive energy
MPRegen 0.18/turn

%: rampage
@: about to teleport, bloodless, inhibited regen, wreathed by umbra
A: bloodless, fangs 3, see invisible, vampiric 2
a: Bat Form, Revivify, Renounce Religion, Shadow Step


You were on level 9 of the Dungeon.
You worshipped Dithmenos.
Dithmenos was pleased with you.
You visited 1 branch of the dungeon, and saw 9 of its levels.
You also visited: Sewer.

You collected 415 gold pieces.
You spent 150 gold pieces at shops.

Inventory:

Hand Weapons
 a - a +5 short sword of freezing (weapon)
Missiles
 s - 6 silver javelins
 v - 2 atropa-tipped darts
 K - 6 datura-tipped darts
 L - 6 poisoned darts
Armour
 G - a +0 pair of boots of rampaging (worn)
 H - +0 steam dragon scales (worn)
Magical Staves
 h - a staff of death
 n - a staff of fire
Jewellery
 t - a ring of positive energy (right hand)
 z - a ring of protection from fire (left hand)
 J - an amulet of regeneration
Wands
 w - a wand of roots (12)
 y - a wand of acid (12)
Scrolls
 c - a scroll of butterflies {unknown}
 f - 4 scrolls of poison {unknown}
 j - a scroll of enchant weapon {unknown}
 l - 5 scrolls of vulnerability
 m - a scroll of brand weapon {unknown}
 q - a scroll of blinking {unknown}
 r - 2 scrolls of enchant armour {unknown}
 E - a scroll of immolation {unknown}
 F - a scroll of amnesia {unknown}
 I - a scroll of identify
Potions
 b - 2 potions of magic
 d - 4 potions of might
 e - a potion of resistance
 i - a potion of berserk rage
 k - 4 potions of enlightenment
 o - a potion of mutation
 p - 2 potions of heal wounds {unknown}
 u - 3 potions of degeneration {unknown}
 x - 4 potions of curing {unknown}
 A - 2 potions of haste {unknown}
 B - 2 potions of experience {unknown}
 C - a potion of ambrosia {unknown}
 D - a potion of attraction {unknown}


   Skills:
 - Level 6.1 Fighting
 + Level 5.4 Dodging
 - Level 5.0 Stealth
 - Level 8.0 Spellcasting
 - Level 2.0 Conjurations
 - Level 3.0 Fire Magic
 - Level 8.3 Alchemy
 - Level 3.0 Evocations


You had 15 spell levels left.
You knew the following spells:

 Your Spells              Type           Power      Damage    Failure   Level
a - Sting                 Conj/Alch      100%       1d9       1%          1
b - Mercury Vapours       Alch/Air       48%        N/A       2%          2
c - Mephitic Cloud        Conj/Alch/Air  21%        N/A       6%          3
d - Sticky Flame          Fire/Alch      30%        2d7       9%          4

Your spell library contained the following spells:

 Spells                   Type           Power      Damage    Failure   Level
 Olgreb's Toxic Radiance  Alch           41%        N/A       2%          4
 Ensorcelled Hibernation  Hex/Ice        16%        N/A       13%         2
 Passwall                 Erth           8%         N/A       26%         3
 Swiftness                Air            8%         N/A       26%         3
 Manifold Assault         Tloc           8%         N/A       63%         4
 Dispersal                Tloc           4%         N/A       100%        6
 Disjunction              Tloc           4%         N/A       100%        8


Dungeon Overview and Level Annotations

Branches:
Dungeon (9/15)             Temple (0/1) D:7           Sewer (visited)
   Lair: D:8-11         Orc: D:9-12

Altars:
Ashenzari
Dithmenos
Fedhas
Gozag
Hepliaklqana
Kikubaaqudgha
Makhleb
Vehumet
Xom

Shops:
D:4 =   D:5 (   D:8 [   D:9 [


Innate Abilities, Weirdness & Mutations

You do not regenerate when monsters are visible.
You are frail without blood (-20% HP).
You can heal yourself when you bite living creatures.
You are immune to poison.
You have razor-sharp teeth.
You have supernaturally acute eyesight. (SInv)
You are afflicted with vampirism and can become a bat while bloodless.


Message History

You hit the wyvern. You freeze the wyvern.
The wyvern is severely wounded.
The wyvern bites you.
The wyvern bites itself but does no damage.
Aiming: Sting (safe; 1% risk of failure)
Press: ? - help, Q - select action, (/) - cycle Shift-Dir - straight line, f/p - wyvern
Aim: a wyvern (severely wounded, confused, umbra, 92% to hit)
The sting hits the wyvern.
The wyvern is poisoned.
The wyvern is almost dead.
The wyvern closely misses you.
You catch the helpless wyvern completely off-guard!
You bite the wyvern, and draw its blood!
You feel better.
You hit the wyvern. You freeze the wyvern.
You kill the wyvern!
Dithmenos accepts your kill.
Unknown command.
You start resting.
Magic restored.
You start resting.
HP restored.
An efreet is nearby!
A troll comes into view.
A boulder beetle comes into view.
You rampage towards the boulder beetle!
The boulder beetle barely misses you.
The boulder beetle curls into a ball and begins rolling!
The boulder beetle attacks as it pursues you!
The boulder beetle hits you!!!
Ouch! That really hurt!
* * * LOW HITPOINT WARNING * * *
The boulder beetle stops rolling and uncurls.
The boulder beetle bites you.
* * * LOW HITPOINT WARNING * * *
The kobold demonologist shouts!
As you read the scroll of teleportation, it crumbles to dust.
You feel strangely unstable. The boulder beetle barely misses you.
Unknown command.
The kobold demonologist looks satisfied for a moment.
The boulder beetle attacks as it pursues you!
The boulder beetle bites you!!
You die...

.. #..# #.##.#
..#..# #.##.#
.#..# #.##.# ...#
#.##.# #..# #.##.#
#.K# #.##.# ##.°#
#.##.#
##...####.##.##
##....K..#@....#
###..#.....B.#..##
.##...#####.#..#
.##..# #.#..#
.##.# #.#..# #.#.#
#.#..# #.#.##
#.#..# #....#
#.#### #.#..#
#....#


You could see a boulder beetle.

Vanquished Creatures
  A two-headed ogre (D:9)
  2 trolls (D:9)
  A wyvern (D:9)
  4 humans (D:6)
  2 steam dragons (D:8)
  Menkaure (D:5)
  3 sky beasts
  Pargi (Sewer)
  2 ice beasts (D:6)
  2 orc warriors
  A black bear (D:6)
  3 ogres
  5 bullfrogs
  A scorpion (D:4)
  10 wights
  4 hounds
  2 gnoll boudas
  A jelly (D:7)
  3 orc priests
  2 iguanas
  6 orc wizards
  A sleepcap (D:6)
  5 adders
  7 gnolls
  A shadow imp (D:8)
  3 dart slugs
  A ribbon worm (D:4)
  18 orcs
  6 endoplasms
  5 giant cockroaches
  9 goblins
  5 hobgoblins
  14 jackals
  12 quokkas
  3 ball pythons
  2 bats
  3 frilled lizards
  6 kobolds
  8 rats
166 creatures vanquished.

Vanquished Creatures (others)
  A human (D:4)
1 creature vanquished.

Grand Total: 167 creatures vanquished

Notes
Turn   | Place    | Note
-------+----------+-------------------------------------------
     0 | D:1      | Kallu the Vampire Alchemist began the quest for the Orb.
     0 | D:1      | Reached XP level 1. HP: 13/13 MP: 3/3
   103 | D:1      | Reached XP level 2. HP: 19/19 MP: 0/5
   592 | D:1      | Gained mutation: You are afflicted with vampirism and can
                  | become a bat while bloodless. [Vampire growth]
   592 | D:1      | Reached XP level 3. HP: 12/24 MP: 1/7
   595 | D:1      | Learned a level 2 spell: Mercury Vapours
   599 | D:1      | Learned a level 3 spell: Mephitic Cloud
  1631 | D:2      | Reached XP level 4. HP: 27/31 MP: 3/8
  1698 | D:2      | Reached skill level 1 in Fighting
  1977 | D:3      | Found a glowing drain.
  2006 | Sewer    | Entered a sewer
  2148 | Sewer    | Noticed Pargi
  2173 | Sewer    | Killed Pargi
  2174 | Sewer    | Reached XP level 5. HP: 11/41 MP: 0/9
  2591 | D:3      | Found a shadowy altar of Dithmenos.
  2658 | D:3      | Became a worshipper of Dithmenos the Shadowed
  2683 | D:3      | Found a hazy altar of Hepliaklqana.
  2819 | D:3      | Noticed an ogre
  2831 | D:3      | Killed an ogre
  2832 | D:3      | Reached skill level 5 in Alchemy
  2832 | D:3      | Reached XP level 6. HP: 8/47 MP: 6/10
  2958 | D:3      | Found a blossoming altar of Fedhas.
  2976 | D:3      | Found a radiant altar of Vehumet.
  3322 | D:4      | Found a burning altar of Makhleb.
  3528 | D:4      | Found a broken altar of Ashenzari.
  3751 | D:4      | Found a shimmering altar of Xom.
  3753 | D:4      | Found Dulatwec's Jewellery Boutique.
  3847 | D:4      | Found an ancient bone altar of Kikubaaqudgha.
  3848 | D:4      | Noticed a human
  3850 | D:4      | Killed a human
  3854 | D:4      | Learned a level 4 spell: Sticky Flame
  4026 | D:5      | Entered Level 5 of the Dungeon
  4046 | D:5      | Reached XP level 7. HP: 31/52 MP: 5/11
  4294 | D:5      | Found Ampevaiq's Antique Weapon Boutique.
  4307 | D:5      | Reached skill level 1 in Fire Magic
  4655 | D:5      | Noticed Menkaure
  4808 | D:5      | Killed Menkaure
  5806 | D:6      | Reached XP level 8. HP: 46/46 MP: 4/14
  6007 | D:6      | Reached skill level 5 in Spellcasting
  6007 | D:6      | Reached skill level 1 in Conjurations
  6343 | D:6      | Reached skill level 5 in Fighting
  6611 | D:7      | Reached * piety under Dithmenos
  6727 | D:7      | Found a staircase to the Ecumenical Temple.
  6808 | D:7      | Reached XP level 9. HP: 63/69 MP: 2/16
  7778 | D:8      | Noticed a gargoyle
  7921 | D:8      | Reached skill level 1 in Evocations
  8270 | D:8      | Noticed an orc knight
  8658 | D:8      | Found Cabuum's Antique Armour Shoppe.
  8666 | D:8      | Bought a pair of embroidered boots for 150 gold pieces
  8996 | D:9      | Found Big Jiz's Armour Emporium.
  9012 | D:9      | Found an opulent altar of Gozag.
  9045 | D:9      | Reached ** piety under Dithmenos
  9512 | D:9      | Noticed a troll
  9516 | D:9      | Noticed a troll
  9516 | D:9      | Noticed a two-headed ogre
  9517 | D:9      | Killed a troll
  9533 | D:9      | Noticed a kobold demonologist
  9535 | D:9      | Noticed a sun demon
  9642 | D:9      | Killed a troll
  9643 | D:9      | Reached XP level 10. HP: 43/60 MP: 13/22
  9653 | D:9      | Noticed a two-headed ogre
  9665 | D:9      | Reached skill level 5 in Stealth
  9720 | D:9      | Killed a two-headed ogre
  9721 | D:9      | Reached skill level 5 in Dodging
  9947 | D:9      | Noticed a centaur warrior
  9947 | D:9      | Noticed an arcanist
 10070 | D:9      | Noticed a boulder beetle
 10080 | D:9      | Mangled by a boulder beetle

Illustrated notes

Levels and vault maps discovered:
D:1:      spicycebolla_arrival_xxxplode, layout_basic
D:2:      layout_rooms, kennysheep_decorative_pillar
D:3:      layout_basic, minitemple, old_standard_altar, lemuel_crystal_altar,
          portal_sewer_entry_a
D:4:      layout_basic, overflow_temple_1_default, elyvilon_altar_1,
          evilmike_ruin_ashenzari, tgw_kikubaaqudgha, tso_altar,
          general_overflow_altar, serial_shops, nicolae_shop_tiny_statue_garden,
          serial_library_hellmonk_double_dead_end
D:5:      layout_loops_ring, serial_shops, kennysheep_mini, serial_rivers,
          chequers_serial_rivers_small_a, chequers_serial_rivers_micro_b,
          chequers_serial_rivers_room_b, chequers_serial_rivers_micro_b,
          chequers_serial_rivers_micro_e, grunt_decor_arrowhead, uniq_menkaure
D:6:      layout_loops_ring, old_standard_altar, zin_angel, minmay_ruffians
D:7:      layout_cave_pools, minmay_temple_entry_butterflies
D:8:      wad_statue_garden, layout_basic, serial_shops, shop,
          chequers_serial_rivers_small_3
D:9:      minmay_the_grid_octo_2x2 [minmay_the_grid_octo_fat_diamond,
          minmay_the_grid_octo_checkerflower, minmay_the_grid_octo_empty,
          minmay_the_grid_octo_prize_big_c], layout_basic,
          mainiacjoe_overflow_boulevard, minmay_orc_entry_temple_small,
          grunt_decor_mini_mirrors, nicolae_stop_n_shop_1

Skill      XL: |  1  2  3  4  5  6  7  8  9 10 |
---------------+-------------------------------+-----
Spellcasting   | 3 4 5 8 |  8.0
Alchemy        | 4 5 6 8 |  8.3
Fighting       | 3 6 |  6.1
Dodging        | 3 5 |  5.4
Fire Magic     | 2 3 |  3.0
Conjurations   | 2 |  2.0
Evocations     | 3 |  3.0
Stealth        | 4 5 |  5.0

Action                     |  1- 3 |  4- 6 |  7- 9 | 10-12 || total
---------------------------+-------+-------+-------+-------++-------
  Melee: Unarmed           |   106 |       |       |       ||   106
         Bite              |    12 |     7 |    17 |     1 ||    37
         Punch             |     3 |     1 |     3 |     1 ||     8
         Staff             |    22 |    68 |    67 |       ||   157
         Spear             |       |       |    72 |       ||    72
         Short sword       |       |       |    19 |     9 ||    28
         Dire flail        |       |       |     5 |       ||     5
         Flail             |       |       |     1 |       ||     1
   Cast: Sting             |    67 |    88 |    81 |     5 ||   241
         Mercury Vapours   |       |     1 |     2 |       ||     3
         Sticky Flame      |       |       |    35 |       ||    35
         Mephitic Cloud    |       |       |     6 |     5 ||    11
Ability: Exsanguinate      |       |       |     2 |       ||     2
         Bat Form          |       |       |     1 |     1 ||     2
         Revivify          |       |       |     1 |       ||     1
         End Transformatio |       |       |       |     1 ||     1
    Use: Scroll            |       |       |     8 |     1 ||     9
   Stab: Sleeping          |     2 |     1 |     7 |       ||    10
         Distracted        |       |       |     1 |       ||     1
         Confused          |       |       |     2 |     2 ||     4
 Armour: Robe              |    91 |    62 |   111 |       ||   264
         Steam dragon scal |       |       |    26 |    11 ||    37
  Dodge: Dodged            |   154 |    96 |   144 |     8 ||   402
